[Event "Mistrovství Čech mládeže 2023 - HD12"]
[Site "Harrachov, Czech Republic"]
[Date "2023.10.21"]
[Round "1.1"]
[White "Jeníková, Sabina"]
[Black "Honcharov, Makar"]
[Result "0-1"]
[TimeControl "90m + 30s"]
[WhiteElo "1145"]
[BlackElo "1872"]

1. d4 Nf6 2. Bf4 g6 3. Nf3 Bg7 4. e3 d6 5. Bd3 Nbd7 6. Nbd2 O-O 7. c3 c6 8. h3 Nd5 9. Bg3 e5 10. e4 Nf4 11. Nc4 Qc7 12.
O-O b5 13. Ne3 Nxd3 14. Qxd3 Rd8 15. d5 Nc5 16. Qc2 Bb7 17. Rfd1 Rac8 18. b4 Na4 19. Qd2 cxd5 20. exd5 Nxc3 21.
Rdc1 e4 22. Ng5 Re8 23. h4 Qd7 24. Nf1 Nxd5 25. Re1 Bc3 26. Qd1 Bxa1 27. Qxa1 Nxb4 28. Qb2 Nd3 29. Qb1 Nxe1 30. Qxe1 Qc6 31.
Bf4 e3 32. Nxe3 Rxe3 33. Qxe3 Qxg2# 0-1

[Event "Mistrovství Čech mládeže 2023 - HD12"]
[Site "Harrachov, Czech Republic"]
[Date "2023.10.21"]
[Round "1.2"]
[White "Zrůst, Lukáš"]
[Black "Slonek, Richard"]
[Result "1-0"]
[TimeControl "90m + 30s"]
[WhiteElo "1685"]
[BlackElo "1128"]

1. c4 e5 2. Nc3 Nf6 3. g3 Nc6 4. Bg2 Bc5 5. Nf3 d6 6. O-O O-O 7. a3 Re8 8. b4 Bb6 9. d3 h6 10.
Bb2 Bg4 11. h3 Bxf3 12. Bxf3 Qd7 13. Bg2 Nd4 14. e3 Nc6 15. Qc2 Qf5 16. Rad1 a5 17. Qb3 Qh5 18. Na4 Nd7 19. Nxb6 cxb6 20.
d4 e4 21. Kh2 Nf6 22. h4 Ng4+ 23. Kg1 Qf5 24. b5 Ne7 25. a4 Rac8 26. Ba3 Qh5 27. f3 exf3 28. Rxf3 Nf5 29. e4 Nfe3 30. Rc1 Nxg2 31. Kxg2 Rxe4 32.
Qd3 Rce8 33. Bxd6 Qg6 34. Bf4 Re2+ 35. Kg1 Qxd3 36. Rxd3 Ra2 37. Rd2 Rxa4 38. c5 bxc5 39. dxc5 Rb4 40.
c6 bxc6 41. bxc6 Rc8 42. c7 Re4 43. Rd8+ Re8 44. Rxe8+ Rxe8 45. c8=Q Rxc8 46. Rxc8+ Kh7 47. Ra8 g5 48. hxg5 hxg5 49.
Bxg5 f6 50. Bf4 Kg6 51. Rxa5 Kf7 52. Rh5 Kg6 53. Rh8 Kg7 54. Rh4 f5 55. Kg2 Kg6 56. Kf3 Kf6 57. Rh5 Kg6 58. Rg5+ Kf6 59.
Rxg4 fxg4+ 60. Kxg4 Kg6 61. Bg5 Kg7 62. Kf5 Kf7 63. g4 Kg7 64. Bf6+ Kf7 65. g5 Kg8 66. Kg6 Kf8 67. Kh7 Kf7 68.
g6+ Kxf6 69. g7 Kg5 70. g8=Q+ Kh5 71. Qg2 Kh4 72. Kg7 Kh5 73. Kf6 Kh4 74. Kf5 Kh5 75. Qg5 1-0

[Event "Mistrovství Čech mládeže 2023 - HD12"]
[Site "Harrachov, Czech Republic"]
[Date "2023.10.21"]
[Round "1.3"]
[White "Sengrová, Žofie"]
[Black "Kolář, Edvard"]
[Result "0-1"]
[TimeControl "90m + 30s"]
[WhiteElo "1124"]
[BlackElo "1473"]

1. e4 e6 2. Bb5 a6 3. Ba4 Ne7 4. Nc3 c5 5. d3 g6 6. Bg5 Bg7 7. Nge2 O-O 8. Bxe7 Qxe7 9. O-O d6 10.
h3 b5 11. Bb3 Bd7 12. d4 c4 13. Bxc4 bxc4 14. d5 e5 15. b3 cxb3 16. axb3 f5 17. Re1 fxe4 18. Nxe4 Bf5 19. Qd3 Nd7 20.
f3 Nc5 21. Qc4 Nxe4 22. fxe4 Bd7 23. Rxa6 Rxa6 24. Qxa6 Qg5 25. Rf1 Qe3+ 26. Kh2 Rxf1 27. b4 Bxh3 28. gxh3 Qf2# 0-1

[Event "Mistrovství Čech mládeže 2023 - HD12"]
[Site "Harrachov, Czech Republic"]
[Date "2023.10.21"]
[Round "1.4"]
[White "Koupil, Štěpán"]
[Black "Koutecká, Magdalena"]
[Result "0-1"]
[TimeControl "90m + 30s"]
[WhiteElo "1467"]
[BlackElo "1123"]

1. e4 e5 2. Nf3 Nc6 3. d4 exd4 4. Nxd4 Bc5 5. Be3 Bb6 6. Bc4 Nf6 7. Nc3 d6 8. O-O O-O 9. Re1 Bg4 10.
f3 Bh5 11. Qd2 Re8 12. Nd5 Nxd5 13. Bxd5 Nxd4 14. Bxd4 c6 15. Bb3 d5 16. exd5 Rxe1+ 17. Rxe1 cxd5 18. Kh1 Bg6 19. Bxb6 Qxb6 20.
Qxd5 h6 21. h3 Kh7 22. Rd1 Re8 23. Qc4 Qf2 24. Qd4 Qg3 25. Qg4 Qf2 26. Qd4 Qg3 27. Qd6 Re1+ 28. Rxe1 Qxd6 0-1

[Event "Mistrovství Čech mládeže 2023 - HD12"]
[Site "Harrachov, Czech Republic"]
[Date "2023.10.21"]
[Round "1.5"]
[White "Vaníčková, Natálie"]
[Black "Artamonov, Mikhail"]
[Result "0-1"]
[TimeControl "90m + 30s"]
[WhiteElo "1122"]
[BlackElo "1458"]

1. d4 Nf6 2. c4 d6 3. Nf3 g6 4. Nc3 Bg7 5. e4 O-O 6. Be2 Nbd7 7. O-O e5 8. d5 Nc5 9. Qc2 a5 10.
Be3 Nfd7 11. Nd2 f5 12. f4 exf4 13. Bxf4 g5 14. Be3 f4 15. Bxc5 Nxc5 16. a3 a4 17. b3 axb3 18. Nxb3 Na4 19.
Rfd1 Nxc3 20. Rd3 Nxe2+ 21. Qxe2 Bxa1 0-1

[Event "Mistrovství Čech mládeže 2023 - HD12"]
[Site "Harrachov, Czech Republic"]
[Date "2023.10.21"]
[Round "1.6"]
[White "Kroulík, Štěpán"]
[Black "Vlček, Vítězslav"]
[Result "1/2-1/2"]
[TimeControl "90m + 30s"]
[WhiteElo "1454"]
[BlackElo "1120"]

1. e4 c5 2. Nf3 d6 3. c3 Nc6 4.
Be2 Nf6 5. d4 cxd4 6. cxd4 g6 7. O-O Bg7 8. Be3 O-O 9. Nc3 a6 10. Rc1 Bg4 11. h3 Bxf3 12. Bxf3 Rc8 13. Qd2 Na5 14.
b3 Rc7 15. Na4 b5 16. Rxc7 Qxc7 17. Rc1 Qd8 18. Nb2 e5 19. dxe5 dxe5 20. Qxd8 Rxd8 21. Bb6 Rd2 22. Bxa5 Rxb2 23.
Rc8+ Bf8 24. Bb4 Nd7 25. Bg4 Kg7 26. Bc3 Rb1+ 27. Kh2 Nf6 28. Bxe5 Ba3 29. Rc6 Bb2 30. Bxf6+ Bxf6 31. f4 Re1 32.
e5 Bh4 33. Rxa6 b4 34. Ra7 Re3 35. Bf3 h5 36. Rb7 Be1 37. Rc7 h4 38. Rc1 Bg3+ 39. Kg1 Bxf4 40. Rf1 1/2-1/2

[Event "Mistrovství Čech mládeže 2023 - HD12"]
[Site "Harrachov, Czech Republic"]
[Date "2023.10.21"]
[Round "1.7"]
[White "Melicharová, Veronika"]
[Black "Kubát, Jonáš"]
[Result "0-1"]
[TimeControl "90m + 30s"]
[WhiteElo "1108"]
[BlackElo "1423"]

1. d4 d5 2. Nf3 Nf6 3. Bf4 c5 4. e3 Nc6 5. Nc3 Bg4 6. Be2 e6 7. O-O Nh5 8. Bg3 Nxg3 9. fxg3 cxd4 10.
exd4 Bxf3 11. Rxf3 Qb6 12. Bb5 Bb4 13. Bxc6+ bxc6 14. Ne2 O-O 15. Qd3 e5 16. Qe3 h6 17. c3 exd4 18. Qxd4 Bc5 0-1

[Event "Mistrovství Čech mládeže 2023 - HD12"]
[Site "Harrachov, Czech Republic"]
[Date "2023.10.21"]
[Round "1.8"]
[White "Rendl, Luboš"]
[Black "Junová, Alexandra"]
[Result "1-0"]
[TimeControl "90m + 30s"]
[WhiteElo "1420"]
[BlackElo "1102"]

1. e4 c5 2. Nc3 d6 3. f4 g6 4. Nf3 Bg4 5. Bc4 Bg7 6. Bxf7+ Kd7 7. h3 Bxf3 8. Qxf3 h5 9. Bxg6 Nf6 10.
e5 Ne8 11. Qxb7+ Ke6 12. f5+ Kxe5 13. d4+ cxd4 14. Qd5+ Kf6 15. Qe6# 1-0

[Event "Mistrovství Čech mládeže 2023 - HD12"]
[Site "Harrachov, Czech Republic"]
[Date "2023.10.21"]
[Round "1.9"]
[White "Melicharová, Tereza"]
[Black "Málek, Daniel"]
[Result "0-1"]
[TimeControl "90m + 30s"]
[WhiteElo "1088"]
[BlackElo "1404"]

1. f4 d5 2. c4 d4 3. e3 dxe3 4. dxe3 Qxd1+ 5. Kxd1 Nc6 6. Nf3 Bf5 7. Nc3 O-O-O+ 8. Bd2 Nf6 9. c5 e6 10.
Ne5 Nxe5 11. fxe5 Ng4 12. Ke1 Bxc5 13. Rd1 Nxe3 14. Bxe3 Bxe3 15. a4 Rxd1+ 16. Nxd1 Bf4 17. Nf2 Bxe5 18.
a5 Bxb2 19. a6 b6 20. Nd3 Bc3+ 21. Kd1 Rd8 22. Kc2 Ba5 23. Be2 c5 24. g4 Be4 25. Rd1 c4 26. h3 cxd3+ 27. Bxd3 Rxd3 28.
Rxd3 Bxd3+ 29. Kxd3 b5 30. Kc2 f5 31. gxf5 exf5 32. Kd3 b4 33. Kc4 f4 34. Kd3 b3 35. h4 f3 36. h5 f2 37.
Ke2 b2 38. h6 gxh6 39. Kxf2 b1=Q 40. Kg3 Qf5 41. Kh4 Be1# 0-1

[Event "Mistrovství Čech mládeže 2023 - HD12"]
[Site "Harrachov, Czech Republic"]
[Date "2023.10.21"]
[Round "1.10"]
[White "Frantsev, Iegor"]
[Black "Grosser, Filip"]
[Result "1/2-1/2"]
[TimeControl "90m + 30s"]
[WhiteElo "1397"]
[BlackElo "1050"]

1. e4 e5 2. Bc4 Nc6 3. Nf3 Nf6 4. Qe2 Bc5 5. d3 d6 6. c3 h6 7. Nbd2 Be6 8. Bb5 Bd7 9. h3 a6 10.
Ba4 Bb6 11. Nf1 O-O 12. g4 Nh7 13. Ng3 Nd4 14. Nxd4 exd4 15. Bxd7 Qxd7 16. Nf5 dxc3 17. bxc3 Qe6 18. O-O d5 19.
e5 f6 20. Bf4 Rae8 21. d4 c5 22. Qb2 Ng5 23. Bxg5 hxg5 24. Rab1 Ba5 25. exf6 Rxf6 26. Qd2 Rxf5 27. gxf5 Qxf5 28.
Rfe1 Rxe1+ 29. Rxe1 g4 30. Re5 Qg6 31. h4 Bc7 32. Re3 Bf4 33. dxc5 Bxe3 34. Qxd5+ Kh7 35. fxe3 Qb1+ 36. Kf2 Qb2+ 37.
Kg3 Qxc3 38. Kxg4 Qxe3 39. h5 Qe2+ 40. Kf4 Qh2+ 1/2-1/2

[Event "Mistrovství Čech mládeže 2023 - HD12"]
[Site "Harrachov, Czech Republic"]
[Date "2023.10.21"]
[Round "1.11"]
[White "Kammová, Natálie"]
[Black "Ježek, Jiří"]
[Result "0-1"]
[TimeControl "90m + 30s"]
[WhiteElo "1045"]
[BlackElo "1392"]

1. Nf3 d5 2. d4 Nf6 3. Bf4 e6 4. e3 Bd6 5. Bg3 O-O 6. Nc3 c6 7. Bd3 Be7 8. O-O Nbd7 9. Ng5 h6 10.
Nf3 Re8 11. Ne5 Nxe5 12. dxe5 Nd7 13. Bf4 Bg5 14. Ne2 Bxf4 15. Nxf4 Nxe5 16. Nh5 Nxd3 17. Qg4 Qg5 18. Qxg5 hxg5 19.
cxd3 Bd7 20. Rfd1 Rac8 21. e4 Rc7 22. exd5 cxd5 23. d4 Rc2 24. Rd3 Rec8 25. h3 f6 26. Rg3 Kf7 27. h4 Rh8 28. Nxg7 Kxg7 29. hxg5 fxg5 30. Rxg5+ Kf6 31. f4 Rxb2 32.
g4 Rbh2 33. Rf1 Rh1+ 34. Kf2 R8h2+ 35. Ke1 Rxf1+ 36. Kxf1 Rxa2 37. Rh5 Rd2 38. Rh6+ Kg7 39. g5 Rxd4 40. Rh4 e5 41. g6 Rxf4+ 0-1

[Event "Mistrovství Čech mládeže 2023 - HD12"]
[Site "Harrachov, Czech Republic"]
[Date "2023.10.21"]
[Round "1.12"]
[White "Bukovskij, Dmitri"]
[Black "Pistulka, Štěpán"]
[Result "1-0"]
[TimeControl "90m + 30s"]
[WhiteElo "1391"]
[BlackElo "1044"]

1. c4 Nf6 2. g3 g6 3. d4 Bg7 4. Bg2 O-O 5. Nc3 d6 6. Bd2 c5 7. dxc5 dxc5 8. Bf4 Qxd1+ 9. Rxd1 e6 10.
Bd6 Rd8 11. Bxc5 Rxd1+ 12. Kxd1 Bf8 13. Bxf8 Kxf8 14. e3 a5 15. Nge2 Ra6 16. Kc1 Rd6 17. Rd1 Rxd1+ 18. Nxd1 b6 19.
Nd4 e5 20. Nb5 Ba6 21. h3 Bxb5 22. cxb5 Nbd7 23. Nc3 Nc5 24. Kc2 e4 25. a3 Nd3 26. Nxe4 Nxe4 27. Bxe4 Nxf2 28. Bg2 f5 29. Kd2 Ke7 30.
Ke2 Ne4 31. Bxe4 fxe4 32. Kd2 Ke6 33. Kc3 Kd5 34. a4 Kc5 35. h4 h5 36. b3 Kd5 37. b4 axb4+ 38. Kxb4 Kd6 39. a5 Kc7 40.
a6 1-0

[Event "Mistrovství Čech mládeže 2023 - HD12"]
[Site "Harrachov, Czech Republic"]
[Date "2023.10.21"]
[Round "1.13"]
[White "Sehnoutka, Vít"]
[Black "Gernert, Tomáš"]
[Result "0-1"]
[TimeControl "90m + 30s"]
[WhiteElo "1041"]
[BlackElo "1389"]

1. d4 Nf6 2. Bf4 c6 3. e3 Qb6 4. Qc1 d5 5. Nf3 Bf5 6. Nbd2 e6 7. Be2 Nbd7 8. O-O c5 9. c3 Be7 10.
Ne5 Nxe5 11. Bxe5 c4 12. Nf3 Ne4 13. Bxg7 Rg8 14. Be5 Bh3 15. Bg3 Nxg3 16. hxg3 Bg4 17. Qd2 Bd6 18. Nh4 h5 19. f3 Bxg3 20. fxg4 hxg4 21. Nf5 exf5 22.
Rxf5 Qh6 0-1

[Event "Mistrovství Čech mládeže 2023 - HD12"]
[Site "Harrachov, Czech Republic"]
[Date "2023.10.21"]
[Round "1.14"]
[White "Křivka, Lukáš"]
[Black "Topenčíková, Ellen"]
[Result "1-0"]
[TimeControl "90m + 30s"]
[WhiteElo "1386"]
[BlackElo "1018"]

1. d4 d5 2. c4 e6 3. Nc3 Bb4 4. Bd2 Nf6 5. Nf3 Bxc3 6. Bxc3 dxc4 7. e3 O-O 8. Bxc4 Bd7 9. O-O Ne4 10.
Qc2 Nxc3 11. bxc3 Bc6 12. Ne5 Be8 13. Nd3 Nc6 14. Nf4 Qg5 15. Rac1 Bd7 16. Nd3 e5 17. Nxe5 Nxe5 18. dxe5 Bh3 19.
Qe4 c6 20. e6 fxe6 21. Bxe6+ Bxe6 22. Qxe6+ Kh8 23. Qd7 Rab8 24. Rb1 Rfd8 25. Qf7 Rf8 26. Rxb7 Rxb7 27. Qxf8# 1-0

[Event "Mistrovství Čech mládeže 2023 - HD12"]
[Site "Harrachov, Czech Republic"]
[Date "2023.10.22"]
[Round "2.1"]
[White "Honcharov, Makar"]
[Black "Zischka, Vít"]
[Result "1-0"]
[TimeControl "90m + 30s"]
[WhiteElo "1872"]
[BlackElo "1274"]

1. e4 e5 2. Nf3 Nc6 3. Bb5 d6 4. d4 exd4 5. Nxd4 Bd7 6. Nc3 Nf6 7. Be3 Be7 8. h3 O-O 9. O-O a6 10.
Be2 Re8 11. f4 Bf8 12. Bf3 Nxd4 13. Bxd4 Bc6 14. Re1 Qd7 15. Bxf6 gxf6 16. Bg4 Qe7 17. Bf5 Bd7 18. Nd5 Qd8 19.
Bxd7 Bg7 20. Bxe8 c6 21. Qg4 cxd5 22. exd5 Qb6+ 23. Kh1 Qxb2 24. Qd7 1-0

[Event "Mistrovství Čech mládeže 2023 - HD12"]
[Site "Harrachov, Czech Republic"]
[Date "2023.10.22"]
[Round "2.2"]
[White "Šára, David"]
[Black "Zrůst, Lukáš"]
[Result "0-1"]
[TimeControl "90m + 30s"]
[WhiteElo "1320"]
[BlackElo "1685"]

1. e4 c5 2. c3 e6 3. d4 Nf6 4. e5 Nd5 5. Bc4 Nb6 6. Bb3 Nc6 7. Nf3 d5 8. exd6 Qxd6 9. O-O Be7 10.
Na3 O-O 11. Nb5 Qb8 12. g3 Bd7 13. Bf4 Qd8 14. Bc7 Qc8 15. Ne5 Nxe5 16. Bxe5 Bxb5 17. Bc2 f6 18. Qh5 f5 19. g4 Be8 20.
Qh3 Bg6 0-1

[Event "Mistrovství Čech mládeže 2023 - HD12"]
[Site "Harrachov, Czech Republic"]
[Date "2023.10.22"]
[Round "2.3"]
[White "Kolář, Edvard"]
[Black "Remizov, Artem"]
[Result "0-1"]
[TimeControl "90m + 30s"]
[WhiteElo "1473"]
[BlackElo "1259"]

1. d4 d5 2. Nf3 Nc6 3. e3 Nf6 4. Bd3 e6 5. b3 Bd6 6. Bb2 O-O 7. O-O Re8 8. c4 b6 9. cxd5 exd5 10.
a3 Bg4 11. Bb5 Bd7 12. Nbd2 Ne7 13. Bxd7 Qxd7 14. Rc1 Nf5 15. Qc2 Ne4 16. Ne5 Bxe5 17. dxe5 Nc5 18. Bd4 Nxd4 19. exd4 Ne6 20. Qf5 Re7 21. Qg4 Qb5 22.
Rc3 c5 23. dxc5 bxc5 24. Rg3 Kf8 25. f4 g6 26. f5 Nd4 27. fxg6 hxg6 28. Kh1 Qe2 29. Qxg6 Qxf1+ 30. Nxf1 fxg6 31. Rxg6 Rxe5 32. Rh6 Re1 33.
Kg1 Kg7 0-1

[Event "Mistrovství Čech mládeže 2023 - HD12"]
[Site "Harrachov, Czech Republic"]
[Date "2023.10.22"]
[Round "2.4"]
[White "Artamonov, Mikhail"]
[Black "Pádivý, Jan"]
[Result "1-0"]
[TimeControl "90m + 30s"]
[WhiteElo "1458"]
[BlackElo "1228"]

1. e4 c5 2. Nf3 Nc6 3. c4 e6 4. Nc3 Nge7 5. d4 cxd4 6. Nb5 Ng6 7. Nbxd4 Bb4+ 8. Bd2 Qa5 9. a3 Bxd2+ 10. Qxd2 Qxd2+ 11. Kxd2 a6 12. b4 Nce5 13. Ne1 b6 14. a4 Bb7 15. f3 Ke7 16. Nec2 Rhc8 17. Ne3 Nc6 18. Ndc2 Nce5 19.
Ne1 Kf8 20. g3 h5 21. Be2 Nc6 22. N1c2 Nce7 23. Rhd1 Rd8 24. Ke1 Rac8 25. a5 bxa5 26. Rxa5 h4 27. c5 Nc6 28. Ra3 Ra8 29. Rda1 hxg3 30.
hxg3 Rdb8 31. Nc4 Bc8 32. Nb6 Ra7 33. Bxa6 Rxa6 34. Rxa6 Bxa6 35. Rxa6 Ke7 36. f4 Nf8 37. b5 Nd8 38.
Nd4 Rb7 39. e5 Rc7 40. Nf5+ exf5 41. Nd5+ Ke8 42. Nxc7+ Ke7 43. Ra8 Nfe6 44. Nd5+ Ke8 45. c6 dxc6 46. bxc6 g6 47. c7 Nxc7 48.
Nxc7+ Kd7 49. Rxd8+ Kxd8 50. Nd5 Kd7 51. Nf6+ Ke6 52. Kd2 Ke7 53. Kd3 Ke6 54. Kd4 Ke7 55. Kd5 Kf8 56. Kd6 Kg7 57.
Ke7 Kh6 58. Kxf7 g5 59. Ng8+ Kh5 60. fxg5 Kxg5 61. Ne7 f4 62. gxf4+ Kxf4 63. Ng6+ Kf5 64. e6 1-0

[Event "Mistrovství Čech mládeže 2023 - HD12"]
[Site "Harrachov, Czech Republic"]
[Date "2023.10.22"]
[Round "2.5"]
[White "Kubát, Jonáš"]
[Black "Vorlík, Jáchym"]
[Result "1-0"]
[TimeControl "90m + 30s"]
[WhiteElo "1423"]
[BlackElo "1210"]

1. e4 e6 2. d4 d5 3. exd5 exd5 4. c4 Be6 5. Qb3 b6 6. Nc3 dxc4 7. Bxc4 Qxd4 8. Bxe6 Qe5+ 9. Nge2 Qxe6 10.
Qxe6+ fxe6 11. O-O Bd6 12. Nd4 e5 13. Re1 Nd7 14. Nf3 O-O-O 15. Be3 Ngf6 16. Rac1 Kb7 17. a3 h6 18. Nh4 Ng4 19.
h3 Nxe3 20. Rxe3 Be7 21. Ng6 Bg5 22. Nxh8 Bxe3 23. fxe3 Rxh8 24. Rd1 Rd8 25. Kf2 Rf8+ 26. Ke2 Nf6 27. g4 c6 28. b4 g5 29.
Rd6 Kc7 30. Re6 Kd7 31. Rxe5 Kd6 32. Rf5 Ke6 33. a4 Rg8 34. Kf3 h5 35. Ne4 hxg4+ 36. hxg4 Nxe4 37. Kxe4 Re8 38. Rxg5 Kf6+ 39.
Kf4 Re4+ 40. Kxe4 Kxg5 41. Ke5 Kxg4 42. Kd6 a5 43. bxa5 bxa5 44. Kxc6 Kf3 45. Kb5 Kxe3 46. Kxa5 Kd4 47.
Kb6 Kd5 48. a5 Kd6 49. Kb7 Kc5 50. a6 Kb5 51. a7 1-0

[Event "Mistrovství Čech mládeže 2023 - HD12"]
[Site "Harrachov, Czech Republic"]
[Date "2023.10.22"]
[Round "2.6"]
[White "Štěpánková, Linda"]
[Black "Rendl, Luboš"]
[Result "0-1"]
[TimeControl "90m + 30s"]
[WhiteElo "1281"]
[BlackElo "1420"]

1. e4 e5 2. Nf3 Nc6 3. Bb5 a6 4. Ba4 Nf6 5. d3 d6 6. O-O Bg4 7. Bxc6+ bxc6 8. Nbd2 Rb8 9. c3 Be7 10.
Qa4 O-O 11. Qxa6 Nh5 12. h3 Bd7 13. d4 Rb6 14. Qe2 Nf4 15. Qe3 Bg5 16. Nxg5 Qxg5 17. g4 Bxg4 0-1

[Event "Mistrovství Čech mládeže 2023 - HD12"]
[Site "Harrachov, Czech Republic"]
[Date "2023.10.22"]
[Round "2.7"]
[White "Málek, Daniel"]
[Black "Zika, Miroslav"]
[Result "0-1"]
[TimeControl "90m + 30s"]
[WhiteElo "1404"]
[BlackElo "1199"]

1. e4 e5 2. Nf3 Nc6 3. Bc4 Bc5 4. d3 Nf6 5. Nc3 h6 6. Be3 Bb6 7. Qd2 d6 8. h3 Be6 9. Bb5 Qd7 10.
d4 exd4 11. Bxd4 Bxd4 12. Nxd4 a6 13. Ba4 O-O 14. O-O Bc4 15. Rfd1 b5 16. Bb3 Bxb3 17. axb3 b4 18. Nce2 Nxe4 19.
Qd3 Nc5 20. Qc4 Rfe8 21. Ng3 a5 22. Ndf5 Ne5 23. Qd4 Red8 24. f4 Ne6 25. Qd5 Nxf4 26. Qe4 Nfg6 27. Nh5 d5 28. Nxh6+ gxh6 29.
Rxd5 Qc6 30. Rxe5 Nxe5 31. Qxe5 Qb6+ 32. Kh1 Qg6 33. Nf6+ Kf8 34. Re1 Rd2 35. Ng4 Kg8 36. Nf6+ Kh8 37.
Ne4+ f6 38. Qg3 Qxg3 39. Nxg3 Rxc2 40. Re7 Rg8 41. Nh5 Rgxg2 42. Nxf6 Rh2+ 43. Kg1 Rcg2+ 44. Kf1 Rf2+ 45. Kg1 Rxf6 46.
Kxh2 Rf2+ 47. Kg3 Rxb2 48. Rxc7 Rxb3+ 49. Kg4 Kg8 50. Kf5 Rxh3 51. Kf6 Rf3+ 52. Kg6 Rg3+ 53. Kf6 b3 54. Rc8+ Kh7 55.
Rc7+ Kh8 56. Rc8+ Rg8 57. Rc5 Rb8 58. Kf7 b2 59. Rh5 b1=Q 60. Rxh6+ Qh7+ 0-1

[Event "Mistrovství Čech mládeže 2023 - HD12"]
[Site "Harrachov, Czech Republic"]
[Date "2023.10.22"]
[Round "2.8"]
[White "Ježek, Jiří"]
[Black "Jenčová, Anna"]
[Result "1-0"]
[TimeControl "90m + 30s"]
[WhiteElo "1392"]
[BlackElo "1171"]

1. d4 d5 2. Nf3 Nf6 3. c4 e6 4. Nc3 Bb4 5. Bg5 dxc4 6. e3 h6 7. Bxf6 Qxf6 8. Bxc4 O-O 9. O-O Nc6 10.
a3 Bxc3 11. bxc3 e5 12. Bd3 exd4 13. cxd4 Re8 14. Bb5 Re4 15. Bxc6 bxc6 16. Rc1 Qg6 17. Ne5 Qg5 18. Qf3 Bf5 19.
Rc5 f6 20. Nxc6 g6 21. Ne7+ Kf7 22. Nxf5 gxf5 23. Rxf5 Qg6 24. Qxe4 Re8 25. Qf3 a6 26. Qh5 Qxh5 27. Rxh5 Kg6 28.
Rc5 Re7 29. Rfc1 Rd7 30. Rxc7 Rxc7 31. Rxc7 a5 32. d5 Kf5 33. Re7 Kg6 34. d6 a4 35. d7 Kg5 36. d8=Q Kg6 37. Qg8+ Kf5 38.
e4+ Kf4 39. Qg3# 1-0

[Event "Mistrovství Čech mládeže 2023 - HD12"]
[Site "Harrachov, Czech Republic"]
[Date "2023.10.22"]
[Round "2.9"]
[White "Mauric, Jan"]
[Black "Bukovskij, Dmitri"]
[Result "1-0"]
[TimeControl "90m + 30s"]
[WhiteElo "1260"]
[BlackElo "1391"]

1. d4 d5 2. Bf4 Nf6 3. e3 c5 4. c3 e6 5. Nd2 Bd6 6. Bb5+ Nc6 7. Bxc6+ bxc6 8. Bg5 Ba6 9. Ngf3 cxd4 10. Nxd4 c5 11. Nxe6 fxe6 12.
Qa4+ Qd7 13. Qxa6 Rb8 14. b3 Be5 15. Qd3 d4 16. Nf3 Ng4 17. h3 dxe3 18. Qxd7+ Kxd7 19. Rd1+ 1-0

[Event "Mistrovství Čech mládeže 2023 - HD12"]
[Site "Harrachov, Czech Republic"]
[Date "2023.10.22"]
[Round "2.11"]
[White "Ta, Xuan Nguyen"]
[Black "Křivka, Lukáš"]
[Result "1-0"]
[TimeControl "90m + 30s"]
[WhiteElo "1252"]
[BlackElo "1386"]

1. e4 c6 2. d4 d5 3. f3 dxe4 4. fxe4 e5 5. Nf3 exd4 6. Nxd4 Qh4+ 7. g3 Qxe4+ 8. Qe2 Qxe2+ 9. Bxe2 Nf6 10.
Nc3 Be7 11. Bf4 Bd7 12. O-O-O O-O 13. Nb3 Na6 14. Bd6 Bxd6 15. Rxd6 b5 16. Bf3 Rac8 17. Nd4 Nb8 18. Re1 Ne8 19.
Rxd7 Nxd7 20. Nxc6 Kh8 21. Nxb5 a6 22. Nba7 Rc7 23. h4 Nef6 24. Re7 Kg8 25. g4 Re8 26. g5 Rxe7 27. Nxe7+ Kf8 28. Nac6 Ne8 29. Nf5 f6 30.
Bd5 fxg5 31. hxg5 Nb6 32. Be4 Kf7 33. Nd8+ Kg8 34. Bc6 Nd7 35. Bd5+ Kh8 36. Nf7+ Kg8 37. Ne7+ Kf8 38. g6 h5 39. Nf5 Nef6 40. Bb3 Nc5 41.
Bc4 a5 42. Ng5 Nfe4 43. Nh7+ Ke8 44. Bb5+ Nd7 45. Nxg7+ Ke7 46. Nf5+ Kd8 47. g7 Ndf6 48. Nf8 Rc8 49. Ne6# 1-0

[Event "Mistrovství Čech mládeže 2023 - HD12"]
[Site "Harrachov, Czech Republic"]
[Date "2023.10.22"]
[Round "2.12"]
[White "Zeman, Jonáš"]
[Black "Černý, Rodan"]
[Result "1/2-1/2"]
[TimeControl "90m + 30s"]
[WhiteElo "1216"]
[BlackElo "1383"]

1. e4 e5 2. Nc3 Nf6 3. f4 d5 4. fxe5 Nxe4 5. Nf3 Nxc3 6. bxc3 c5 7. d4 Nc6 8. Bd3 c4 9. Be2 Be7 10.
O-O O-O 11. Qe1 Bf5 12. Qg3 Bxc2 13. h4 Qd7 14. h5 Nd8 15. Bh6 Ne6 16. Ng5 Bxg5 17. Bxg5 Nxg5 18. Qxg5 b5 19. Bg4 Qd8 20.
Rf6 h6 21. Qf4 a5 22. Rf1 Bd3 23. Rf2 b4 24. Rxf7 bxc3 25. Be6 Rxf7 26. Bxf7+ Kh8 27. Bg6 Rb8 28. Kh2 c2 29. g3 1/2-1/2

[Event "Mistrovství Čech mládeže 2023 - HD12"]
[Site "Harrachov, Czech Republic"]
[Date "2023.10.22"]
[Round "2.13"]
[White "Kreuzman, Daniel"]
[Black "Fadrný, Jáchym"]
[Result "0-1"]
[TimeControl "90m + 30s"]
[WhiteElo "1169"]
[BlackElo "1365"]

1. e4 e6 2. d4 d5 3. Nd2 c5 4. exd5 Qxd5 5. Ngf3 Nc6 6. Bb5 cxd4 7. Bxc6+ bxc6 8. Nb3 e5 9. O-O Nf6 10.
Re1 Bd6 11. Nfxd4 O-O 12. Nf3 Re8 13. Bg5 Bg4 14. Bxf6 gxf6 15. Qxd5 cxd5 16. Rad1 Rad8 17. h3 Bh5 18. Rxd5 Bg6 19.
c4 Bf5 20. Red1 Bc7 21. Rxd8 Rxd8 22. Rxd8+ Bxd8 23. c5 Bb1 24. a3 Ba2 25. Nbd2 Bd5 26. Kf1 Kf8 27. Ke2 Ke7 28. Kd3 Kd7 29.
b4 Kc6 30. a4 a5 31. Kc3 Be7 32. Nb3 Bxb3 33. b5+ Kxc5 34. Kxb3 Kd5 35. Nh4 e4 36. g3 Bc5 37. f3 f5 38.
fxe4+ Kxe4 39. Kc2 Bf2 40. Ng2 Bxg3 41. Kd2 f4 42. Ne1 f3 43. Nc2 f2 44. Ke2 f5 45. Na1 h5 46. Nb3 Bc7 47.
Kxf2 Kf4 48. Nc5 Bb6 49. Kg2 Bxc5 50. h4 Kg4 51. Kh1 f4 52. Kg2 f3+ 53. Kf1 f2 54. Kg2 Kf4 55. Kf1 Ke3 56.
b6 Bxb6 57. Kg2 Ke2 58. Kg3 f1=Q 59. Kh2 Bc7 0-1

[Event "Mistrovství Čech mládeže 2023 - HD12"]
[Site "Harrachov, Czech Republic"]
[Date "2023.10.22"]
[Round "2.15"]
[White "Koutecká, Magdalena"]
[Black "Hokr, Matyáš"]
[Result "0-1"]
[TimeControl "90m + 30s"]
[WhiteElo "1123"]
[BlackElo "1352"]

1. e4 e6 2. d4 d5 3. Nc3 dxe4 4.
f3 Bb4 5. fxe4 Bxc3+ 6. bxc3 Qh4+ 7. Kd2 Qxe4 8. Bb2 Qf4+ 9. Ke1 Nf6 10. Qd2 Qxd2+ 11. Kxd2 O-O 12. Re1 Nc6 13. Bd3 Ng4 14. Re2 Re8 15. h3 Nf6 16.
Nf3 Bd7 17. Rb1 a6 18. c4 Nb4 19. Ba3 Nxd3 20. cxd3 b5 21. Ne5 h6 22. Bc1 Rab8 23. Rf2 Red8 24. Kc3 Be8 25. Bf4 bxc4 26.
Rxb8 Rxb8 27. Nxc4 Nd5+ 28. Kd2 Nxf4 29. Rxf4 Bb5 30. Re4 Bxc4 31. dxc4 Rb2+ 32. Kc3 Rxa2 33. Rg4 f5 34. Rg6 Kf7 35.
Rg3 Ra3+ 0-1

[Event "Mistrovství Čech mládeže 2023 - HD12"]
[Site "Harrachov, Czech Republic"]
[Date "2023.10.22"]
[Round "2.20"]
[White "Vlček, Vítězslav"]
[Black "Frantsev, Iegor"]
[Result "1/2-1/2"]
[TimeControl "90m + 30s"]
[WhiteElo "1120"]
[BlackElo "1397"]

1. d4 d5 2. c4 e6 3. Nc3 Nf6 4. Nf3 Nbd7 5. Bf4 a6 6. e3 dxc4 7. Bxc4 b5 8. Bd3 Bb7 9. O-O Be7 10.
e4 O-O 11. Qc2 h6 12. Rac1 c5 13. dxc5 Nxc5 14. Rfd1 Nxd3 15. Rxd3 Qb6 16. Re3 Rac8 17. Qd1 Rfd8 18. Qe1 Bc5 19.
Re2 a5 20. a3 Ba6 21. Rd2 Rxd2 22. Bxd2 Rd8 23. Bf4 Bb7 24. h3 Be7 25. Qe3 Qxe3 26. Bxe3 b4 27. axb4 axb4 28. Ne2 Bxe4 29.
Ned4 Bxf3 30. Nxf3 Nd5 31. Bc5 Rc8 32. Be3 Rxc1+ 33. Bxc1 Bf6 34. Kf1 Nb6 35. b3 Bc3 36. Bd2 Bxd2 37.
Nxd2 Kf8 38. Ke2 Ke7 39. Kd3 1/2-1/2

[Event "Mistrovství Čech mládeže 2023 - HD12"]
[Site "Harrachov, Czech Republic"]
[Date "2023.10.23"]
[Round "3.1"]
[White "Fadrný, Jáchym"]
[Black "Honcharov, Makar"]
[Result "0-1"]
[TimeControl "90m + 30s"]
[WhiteElo "1365"]
[BlackElo "1872"]

1. d4 Nf6 2. c4 g6 3. Nc3 Bg7 4. e4 d6 5. Bd3 O-O 6. Nge2 e5 7. d5 a5 8. O-O Na6 9. a3 Nc5 10.
Bc2 Nfd7 11. Be3 f5 12. exf5 gxf5 13. f4 b6 14. b3 Qe8 15. Qd2 Nf6 16. h3 e4 17. Rac1 Kh8 18. Nb5 Qf7 19.
b4 axb4 20. axb4 Na6 21. Bb1 Bd7 22. Ned4 Rg8 23. Na3 Qg6 24. Rf2 Nh5 25. Ndb5 Rae8 26. c5 bxc5 27. bxc5 dxc5 28. Bxc5 Nxc5 29. Qe2 Ng3 30. Qe3 Nd3 31. Bxd3 exd3 32. Qxd3 Ne4 0-1